 Dungeon Crawl Stone Soup version 0.29.0-10-g45618ea6d2 (webtiles) character file.

Game seed: 13161422389227498244

1439 Flugkiller the Cleaver (level 8, -1/71 HPs)
             Began as a Minotaur Fighter on Sept 1, 2022.
             Was a Believer of Okawaru.
             Slain by Joseph
             ... wielding a +6 vorpal quarterstaff
              (5 damage)
             ... on level 7 of the Dungeon.
             The game lasted 00:02:41 (6926 turns).

Flugkiller the Cleaver (Minotaur Fighter)           Turns: 6926, Time: 00:02:42

Health: -1/71      AC: 14    Str: 22    XL:     8   Next: 45%
Magic:  8/9        EV: 12    Int:  5    God:    Okawaru [**....]
Gold:   298        SH:  6    Dex: 11    Spells: 7/7 levels left

rFire   . . .      SeeInvis .   a - +1 war axe
rCold   . . .      Faith    .   q - +0 buckler
rNeg    . . .      Spirit   .   y - +0 swamp dragon scales
rPois   +          Reflect  .   (helmet restricted)
rElec   .          Harm     .   (no cloak)
rCorr   .          Rampage  .   (no gloves)
Will    .....                   s - +2 pair of boots
Stlth   ++........              (no amulet)
HPRegen 0.21/turn               (no ring)
MPRegen 0.11/turn               (no ring)

@: mighty, heroic
A: horns 2, retaliatory headbutt
a: Renounce Religion, Heroism


You were on level 7 of the Dungeon.
You worshipped Okawaru.
Okawaru was pleased with you.
You visited 1 branch of the dungeon, and saw 7 of its levels.

You collected 298 gold pieces.

Inventory:

Hand Weapons
 a - a +1 war axe (weapon)
Missiles
 w - a boomerang (quivered)
Armour
 b - a +0 scale mail
 l - a +0 kite shield
   (You took it off a gnoll sergeant on level 5 of the Dungeon)
 q - a +0 buckler (worn)
 s - a +2 pair of boots (worn)
   (You found it on level 1 of the Dungeon)
 y - +0 swamp dragon scales (worn)
   (You found it on level 4 of the Dungeon)
Jewellery
 c - a ring of protection from cold
   (You found it on level 6 of the Dungeon)
 n - an amulet of reflection
   (You found it on level 2 of the Dungeon)
Wands
 g - a wand of digging (5)
   (You found it on level 7 of the Dungeon)
 k - a wand of roots (17)
   (You took it off Jessica on level 2 of the Dungeon)
 r - a wand of mindburst (19)
   (You found it on level 7 of the Dungeon)
Scrolls
 e - 2 scrolls of immolation
 i - 2 scrolls of noise
 o - a scroll of poison
 p - 2 scrolls of fog
 x - a scroll of fear
 z - a scroll of blinking
 B - a scroll of magic mapping {unknown}
Potions
 d - 3 potions of might
 f - 2 potions of mutation
 h - a potion of haste
 j - a potion of ambrosia
 m - a potion of magic {unknown}
 t - a potion of resistance {unknown}
 u - 3 potions of attraction {unknown}
 v - a potion of cancellation {unknown}
 A - 2 potions of lignification {unknown}


   Skills:
 + Level 6.8(11.8) Fighting
 * Level 8.6(13.6) Axes
 + Level 6.9(11.9) Armour
 - Level 3.6(8.6) Shields
 + Level 3.6 Invocations


You had 7 spell levels left.
You didn't know any spells.
Your spell library was empty.

Dungeon Overview and Level Annotations

Branches:
Dungeon (7/15)             Temple (0/1) D:6

Altars:
Makhleb
Okawaru

Shops:
D:3 [

Annotations:
D:7 Joseph


Innate Abilities, Weirdness & Mutations

You have a pair of horns on your head.
You reflexively headbutt those who attack you in melee.


Message History

a +0 whip; a kobold corpse You now have 298 gold pieces (gained 6).
You see here a +0 dagger.
B - a scroll labelled AGO GUULUTAIHE
Found a stone staircase leading up.
Found a stone staircase leading down.
You open the door.
Joseph, a Mercenary comes into view.
He is wielding a +6 vorpal quarterstaff.
Joseph shouts!
You hear a croak.
Joseph unwields a +6 vorpal quarterstaff.
Joseph wields a +3 sling of freezing.
It is covered in frost.
Joseph shoots a sling bullet.
The sling bullet hits you. The sling bullet freezes you.
Joseph is nearby!
Prince Ribbit comes into view.
Prince Ribbit gives a loud, deep croak!
Joseph unwields a +3 sling of freezing.
Joseph wields a +6 vorpal quarterstaff.
You block Joseph's attack.
There is an open door here.
You hit Joseph.
Joseph is lightly wounded.
Joseph hits you with a +6 vorpal quarterstaff.
You hit Joseph.
Joseph is lightly wounded.
Joseph completely misses you.
You slash Joseph!
Joseph is moderately wounded.
Prince Ribbit croaks regally.
Joseph hits you with a +6 vorpal quarterstaff!
You barely miss Joseph. You headbutt Joseph!
Joseph is heavily wounded.
You miss Prince Ribbit. Joseph hits you but does no damage.
Prince Ribbit misses you. You furiously retaliate!
You headbutt Prince Ribbit! Joseph barely misses you.
You barely miss Joseph.
Joseph is heavily wounded.
You closely miss Prince Ribbit.
Prince Ribbit hits you but does no damage. x2
Joseph hits you with a +6 vorpal quarterstaff.
You hit Joseph but do no damage. Your headbutt misses Joseph.
Joseph is heavily wounded.
You slash Prince Ribbit! You block Prince Ribbit's attack.
Joseph hits you with a +6 vorpal quarterstaff.
You closely miss Prince Ribbit. Your headbutt misses Prince Ribbit.
Prince Ribbit is heavily wounded.
You closely miss Joseph. Prince Ribbit hits you.
Prince Ribbit barely misses you.
Joseph hits you with a +6 vorpal quarterstaff!
You miss Prince Ribbit.
Prince Ribbit is heavily wounded.
You hit Joseph but do no damage. Prince Ribbit hits you!
* * * LOW HITPOINT WARNING * * *
Joseph hits you but does no damage. Prince Ribbit hits you.
* * * LOW HITPOINT WARNING * * *
You are too injured to fight recklessly!
You are too injured to fight recklessly!
You are too injured to fight recklessly!
Joseph attacks as you move away!
Joseph hits you with a +6 vorpal quarterstaff!
* * * LOW HITPOINT WARNING * * *
x2
Okay, then.
You gain the combat prowess of a mighty hero.
Prince Ribbit hits you but does no damage.
You feel very mighty all of a sudden.
Prince Ribbit hits you but does no damage.
Prince Ribbit barely misses you. You furiously retaliate!
You headbutt Prince Ribbit! You miss Prince Ribbit.
Prince Ribbit is almost dead.
Prince Ribbit catches a millipede with his tongue.
Prince Ribbit closely misses you.
You slice Prince Ribbit!!
You kill Prince Ribbit!
Okawaru accepts your kill.
Prince Ribbit returns to his original shape as he dies.
Joseph unwields a +6 vorpal quarterstaff.
Joseph wields a +3 sling of freezing.
It is covered in frost.
Joseph shoots a sling bullet.
The sling bullet hits you but does no damage.
Aiming: Mindburst
Press: ? - help, Shift-Dir - straight line, f - Joseph
Aim: Joseph, wielding a +3 sling of freezing and wearing a +0 ring mail (heavily wounded, chance to affect: 47%)
Okay, then.
Joseph unwields a +3 sling of freezing.
Joseph wields a +6 vorpal quarterstaff.
Joseph hits you with a +6 vorpal quarterstaff.
* * * LOW HITPOINT WARNING * * *
x2
There is an open door, spattered with blood here.
You see here the human corpse of Prince Ribbit.
You completely miss Joseph.
Joseph is heavily wounded.
You slash Joseph!
Joseph is severely wounded.
Joseph closely misses you. You furiously retaliate!
You headbutt Joseph! You slash Joseph!
Joseph is almost dead.
You block Joseph's attack.
You barely miss Joseph. Your headbutt misses Joseph.
Joseph is almost dead.
Joseph hits you with a +6 vorpal quarterstaff.
You die...

.....><.## ##.........#
.#######.###......##..######
##.#...#.......##...##
##.....##............
##...######.##....##
##..######.##.#.###
#.........##)#.# #
#.##########...# # #@# #).##
# #.@.# #.)# # #.....#
##.)#### #.......# ##.......
#.........####....####
+.........'........#
###.......####.....#
#......## ##....# ##.###


You could see Joseph.

Vanquished Creatures
  Pikel (D:5)
  Prince Ribbit (D:7)
  An ogre (D:6)
  A kobold brigand (D:7)
  A gnoll sergeant (D:5)
  4 hounds
  2 jellies
  Jessica (D:2)
  An iguana (D:4)
  Natasha (thrice) (D:2)
  8 gnolls
  7 adders
  2 shadow imps (D:6)
  A white imp (D:6)
  An ufetubus (D:6)
  2 worms (D:4)
  3 dart slugs
  2 orcs
  18 ball pythons
  8 bats
  6 endoplasms
  7 giant cockroaches
  4 goblins
  4 hobgoblins
  9 jackals
  8 kobolds
  2 quokkas
  3 frilled lizards
  6 rats
117 creatures vanquished.

Notes
Turn   | Place    | Note
-------+----------+-------------------------------------------
     0 | D:1      | Flugkiller the Minotaur Fighter began the quest for the
                  | Orb.
     0 | D:1      | Reached XP level 1. HP: 19/19 MP: 0/0
   476 | D:1      | Reached skill level 3 in Axes
   476 | D:1      | Reached XP level 2. HP: 27/27 MP: 1/1
  1194 | D:2      | Noticed Jessica
  1206 | D:2      | Killed Jessica
  1207 | D:2      | Reached XP level 3. HP: 7/33 MP: 2/2
  1656 | D:2      | Reached skill level 4 in Axes
  1723 | D:2      | Noticed Natasha
  1737 | D:2      | Killed Natasha
  1738 | D:2      | Reached XP level 4. HP: 38/41 MP: 3/3
  1872 | D:2      | Noticed Natasha
  1880 | D:2      | Killed Natasha
  2379 | D:2      | Noticed Natasha
  2387 | D:2      | Killed Natasha
  2388 | D:2      | Reached XP level 5. HP: 34/47 MP: 4/4
  3028 | D:3      | Found Obrose's Antique Armour Shop.
  3046 | D:3      | Reached skill level 5 in Axes
  3061 | D:3      | Found a faded altar of an unknown god.
  3354 | D:3      | Found a burning altar of Makhleb.
  3354 | D:3      | Noticed an Executioner
  3646 | D:4      | Found an iron altar of Okawaru.
  3671 | D:4      | Became a worshipper of Warmaster Okawaru
  3795 | D:4      | Reached skill level 5 in Armour
  4220 | D:4      | Reached skill level 5 in Fighting
  4594 | D:4      | Reached XP level 6. HP: 52/56 MP: 5/5
  4733 | D:5      | Entered Level 5 of the Dungeon
  4820 | D:5      | Reached skill level 6 in Axes
  4820 | D:5      | Reached skill level 1 in Invocations
  5444 | D:5      | Noticed Pikel
  5456 | D:5      | Killed Pikel
  5456 | D:5      | Reached * piety under Okawaru
  5457 | D:5      | Reached skill level 7 in Axes
  5457 | D:5      | Reached XP level 7. HP: 13/63 MP: 6/8
  5975 | D:6      | Found a staircase to the Ecumenical Temple.
  5981 | D:6      | Reached XP level 8. HP: 66/71 MP: 9/9
  6320 | D:6      | Reached ** piety under Okawaru
  6321 | D:6      | Reached skill level 8 in Axes
  6907 | D:7      | Noticed Joseph
  6908 | D:7      | Noticed Prince Ribbit
  6921 | D:7      | Killed Prince Ribbit
  6922 | D:7      | HP: 3/71 [Joseph/+6 vorpal quarterstaff (1)]
  6926 | D:7      | Slain by Joseph

Illustrated notes

Levels and vault maps discovered:
D:1:      dpeg_arrival_ternary, layout_loops_corners, minivault_14
D:2:      layout_loops_corners, amethyst_killhole, minmay_shallow_snake_nest,
          uniq_jessica, uniq_natasha
D:3:      layout_basic, makhleb_altar_promises_db,
          hellmonk_ecumenical_altar_slurped_away, serial_shops,
          nicolae_shop_overgrown_old_shop, kennysheep_potato
D:4:      layout_basic, mainiacjoe_overflow_surrounded_room
D:5:      layout_loops_ring, uniq_pikel
D:6:      layout_basic, temple_statues
D:7:      layout_loops_corners, nicolae_kikubaaqudgha_miasma_corner,
          uniq_prince_ribbit1, uniq_joseph, uniq_menkaure

Skill      XL: |  1  2  3  4  5  6  7  8 |
---------------+-------------------------+-----
Axes           | 3 4 5 7 8 |  8.6
Armour         | 4 5 6 |  6.9
Fighting       | 4 5 6 |  6.8
Invocations    | 2 3 |  3.6
Shields        | |  3.6

Action                   |  1- 3 |  4- 6 |  7- 9 || total
-------------------------+-------+-------+-------++-------
Melee: War axe           |    79 |   165 |    52 ||   296
       Headbutt          |     8 |    28 |     9 ||    45
Invok: Heroism           |       |       |     1 ||     1
  Use: Scroll            |     1 |       |    11 ||    12
       Potion            |       |     3 |     1 ||     4
Armor: Scale mail        |    35 |    75 |       ||   110
       Swamp dragon scal |       |    19 |    29 ||    48
Dodge: Dodged            |    41 |    79 |    25 ||   145
Block: Buckler           |    14 |    35 |     9 ||    58
